AoeStats
← SGTEAM

Pilgrims

508487597Analyzed
4v4 RM · 10d ago on Sep 22, 2026· 52m 13s· 8 players
Game mode
Random Map
Map size
Large (8 player)
Population
200
Speed
Normal
Resources
Standard
Victory
Conquest
Starting age
Dark Age
Ending age
Imperial Age
RankedLock teamsTeams togetherTeam positionsShared explorationLock speedFull tech treeHidden civsTurbo modeCheats
Victory
Defeat
🇨🇿 Bulgarians · Czechia
1065
+13
🇨🇿 Saxons · Czechia
1055
+14
🇨🇿 Cumans · Czechia
974
+17
🇨🇿 Koreans · Czechia
974
+17
🇦🇷 Celts · Argentina
1105
-19
🇦🇷 Spanish · Argentina
1040
-17
🇦🇷 Franks · Argentina
1035
-16
🇦🇷 Poles · Argentina
839
-9
Rocklets
4:48 Loom
11:37 Feudal Age
16:58 Castle Age
15:38 Scale Barding Armor
15:42 Fishing Lines
18:03 Chain Barding Armor
19:44 Forging
20:03 Double-Bit Axe
20:55 Husbandry
25:47 Gillnets
26:51 Wheelbarrow
27:37 Gold Mining
28:30 Hand Cart
34:26 Imperial Age
34:59 Scale Mail Armor
34:23 Pikeman
37:56 Chain Mail Armor
40:17 Light Cavalry
43:14 Plate Barding Armor
44:01 Plate Mail Armor
47:29 Stone Mining
48:14 Gold Shaft Mining
47:40 Cavalier
50:03 Paladin
51:36 Iron Casting
Tio Nacho
10:09 Loom
12:24 Feudal Age
13:09 Double-Bit Axe
14:55 Gold Mining
16:11 Fishing Lines
17:12 Town Watch
18:04 Wheelbarrow
22:01 Castle Age
23:03 Medium Warships
22:45 Gillnets
23:39 Hand Cart
23:22 Fletching
23:34 Padded Archer Armor
26:34 Stone Mining
29:06 Bodkin Arrow
29:27 Leather Archer Armor
32:02 Imperial Age
31:13 Scale Mail Armor
31:23 Forging
31:29 Man-at-Arms
31:54 Gambesons
32:11 Squires
31:57 Arson
33:53 Chemistry
32:18 Capped Ram
32:24 Long Swordsman
33:47 Chain Mail Armor
34:08 Iron Casting
33:21 Two-Handed Swordsman
34:34 Champion
36:26 Plate Mail Armor
38:04 Iron Casting
39:16 Iron Casting
41:29 Blast Furnace
47:27 Conscription
50:06 Siege Ram
Leproso285
10:30 Loom
15:40 Feudal Age
16:14 Horse Collar
17:35 Bloodlines
27:29 Castle Age
27:51 Light Cavalry
29:16 Thumb Ring
28:35 Crossbowman
30:13 Wheelbarrow
35:34 Imperial Age
35:30 Hand Cart
35:24 Husbandry
36:12 Winged Hussar
39:38 Scale Barding Armor
41:54 Chain Barding Armor
Fretshe
7:43 Loom
10:38 Feudal Age
12:56 Fletching
15:14 Stone Mining
16:42 Fishing Lines
26:29 Gold Mining
31:25 Castle Age
31:11 Man-at-Arms
32:06 Pikeman
33:51 Gambesons
36:30 Arson
39:07 Double-Bit Axe
40:19 Gillnets
41:50 Bow Saw
42:41 Wheelbarrow
44:09 Forging
48:02 Iron Casting
cg
8:16 Loom
10:47 Feudal Age
11:44 Double-Bit Axe
11:51 Horse Collar
14:16 Wheelbarrow
15:44 Gold Mining
17:26 Stone Mining
19:41 Castle Age
20:43 Bow Saw
20:38 Heavy Plow
25:56 Imperial Age
23:35 Scale Mail Armor
23:23 Gambesons
23:39 Squires
23:25 Arson
23:34 Fletching
24:26 Gold Shaft Mining
24:30 Stone Shaft Mining
23:45 Town Watch
25:09 Murder Holes
26:04 Bodkin Arrow
26:25 Chain Mail Armor
26:22 Forging
27:37 Bracer
28:35 Conscription
29:03 Plate Mail Armor
30:27 Iron Casting
30:11 Masonry
31:44 Ballistics
33:27 Blast Furnace
33:00 Hand Cart
37:14 Bagains
44:46 Crop Rotation
44:20 Padded Archer Armor
44:29 Siege Engineers
44:55 Architecture
45:27 Chemistry
44:59 Coinage
48:32 Banking
48:20 Leather Archer Armor
48:10 Scale Barding Armor
50:40 Elite Skirmisher
51:25 Thumb Ring
51:44 Chain Barding Armor
Luke︻芫----
5:08 Loom
12:36 Feudal Age
14:01 Wheelbarrow
13:18 Double-Bit Axe
13:27 Gold Mining
14:48 Stone Mining
18:30 Castle Age
19:03 Horse Collar
19:40 Hand Cart
19:44 Bow Saw
18:59 Elite Skirmisher
20:38 Heavy Plow
27:38 Gold Shaft Mining
42:52 Imperial Age
43:39 Ballistics
44:37 Two-Man Saw
SGTEAM
10:36 Feudal Age
15:12 Fletching
34:52 Loom
37:45 Castle Age
35:44 Loom
36:40 Double-Bit Axe
36:38 Horse Collar
38:11 Crossbowman
42:40 Wheelbarrow
43:28 Ballistics
45:16 Hand Cart
45:04 Heavy Plow
45:42 Town Watch
46:16 Bow Saw
47:06 Bodkin Arrow
47:27 Thumb Ring
50:15 Gold Mining
Kubino.
5:59 Loom
7:47 Feudal Age
10:10 Double-Bit Axe
21:09 Castle Age
23:29 Forging
23:25 Scale Barding Armor
24:38 Horse Collar
26:05 Bloodlines
26:33 Iron Casting
26:19 Chain Barding Armor
28:24 Heavy Plow
30:28 Stone Mining
30:29 Gold Mining
33:02 Steppe Husbandry
37:46 Imperial Age
37:07 Wheelbarrow
36:19 Town Watch
38:59 Conscription
38:13 Elite Steppe Lancer
40:26 Plate Barding Armor
41:53 Blast Furnace
Connection lost

Rejoining the realm…

Still unreachable

The connection could not be restored.

Session expired

The server has moved on; the page needs a fresh start.